 Dungeon Crawl Stone Soup version 0.31-a0-345-g1ebeae05c6 (webtiles) character file.

Game seed: 7046617284137437511

109 LeprechaunX the Ruffian (level 4, -3/29 HPs)
             Began as an Octopode Shapeshifter on July 23, 2023.
             Killed by divine providence
             ... invoked by an orc priest
              (16 damage)
             ... on level 3 of the Dungeon.
             The game lasted 00:01:32 (1840 turns).

LeprechaunX the Ruffian (Octopode Shapeshifter)     Turns: 1840, Time: 00:01:33

Health: -3/29      AC:  1    Str: 16    XL:     4   Next: 89%
Magic:  4/4        EV: 13    Int: 10    God:
Gold:   119        SH:  0    Dex: 12    Spells: 3/3 levels left

rFire   . .          .
                       - Unarmed
rCold   . . .        (no shield)
rNeg    . . .        (helmet currently unavailable)
rPois   .            (no amulet)
rElec   .            (no ring)
rCorr   .            (no ring)
SInv    .            (no ring)
Will    .....        (no ring)
Stlth   ++           (no ring)
HPRegen 0.24/turn    (no ring)
MPRegen 0.09/turn    (no ring)
                     (no ring)

%: no passive effects
@: beast-form
A: beast (slay +2), almost no armour, amphibious, 8 rings, camouflage 1,
gelatinous body 1, (nimble swimmer 1), tentacles
a: Begin Untransformation


You were on level 3 of the Dungeon.
You were a hulking beast.
You visited 1 branch of the dungeon, and saw 3 of its levels.

You collected 119 gold pieces.

Inventory:

Talismans
 b - a beast talisman
Scrolls
 d - 2 scrolls of revelation {unknown}
 e - a scroll of identify {unknown}
 g - 2 scrolls of fog {unknown}
 h - a scroll of enchant weapon {unknown}
 k - 3 scrolls of teleportation {unknown}
 l - a scroll of immolation {unknown}
 m - a scroll of poison {unknown}
 o - a scroll of enchant armour {unknown}
 q - a scroll of vulnerability {unknown}
Potions
 a - a potion of lignification
 c - 2 potions of mutation {unknown}
 f - a potion of degeneration {unknown}
 i - a potion of enlightenment {unknown}
 j - 2 potions of brilliance {unknown}
 n - 3 potions of attraction {unknown}
 p - a potion of curing {unknown}


   Skills:
 + Level 1.8 Fighting
 + Level 2.5 Dodging
 * Level 4.0 Unarmed Combat
 * Level 3.7 Shapeshifting


You had 3 spell levels left.
You didn't know any spells.
Your spell library contained the following spells:

 Spells                   Type           Power      Damage    Failure   Level
 Hailstorm                Conj/Ice       0%         3d3       75%         3
 Summon Ice Beast         Ice/Summ       0%         N/A       98%         4
 Simulacrum               Ice/Necr       0%         N/A       100%        6


Dungeon Overview and Level Annotations

Branches:
Dungeon (3/15)

Altars:
Gozag

Shops:
D:1 (


Innate Abilities, Weirdness & Mutations

You are a hulking beast.
Your limbs bulge with bestial killing power. (Slay +2)
You cannot wear most types of armour.
You are amphibious.
You can wear up to eight rings at the same time.
Your skin changes colour to match your surroundings (Stealth+).
Your rubbery body absorbs attacks. (AC +1, EV +1)
((You are camouflaged when in or above water. (Stealth+)))
You have tentacles for arms and can constrict up to eight enemies at once.


Message History

Found 4 boomerangs.
Found a stone staircase leading down.
An orc comes into view. It is wielding a +0 club.
An orc is nearby!
An orc is nearby!
An orc is nearby!
An orc and an orc priest come into view.
The orc shouts! x2; The orc priest shouts!
You tentacle-slap the orc. You grab the orc.
The orc is heavily wounded.
You constrict the orc, but do no damage.
The orc hits you with a +0 club.
The orc priest invokes the aid of Beogh against you.
Beogh smites you!
You are too injured to fight recklessly!
You are too injured to fight recklessly!
You are too injured to fight recklessly!
You are too injured to fight recklessly!
You are too injured to fight recklessly!
You are too injured to fight recklessly!
You are too injured to fight recklessly!
You are too injured to fight recklessly!
You are too injured to fight recklessly!
You are too injured to fight recklessly!
You are too injured to fight recklessly!
You are too injured to fight recklessly!
You are too injured to fight recklessly!
You are too injured to fight recklessly!
You are too injured to fight recklessly!
You are too injured to fight recklessly!
Unknown command.
You bludgeon the orc!
You kill the orc!
Your Unarmed Combat skill increases to level 4!
You closely miss the orc. You grab the orc. You squeeze the orc.
You kill the orc!
The orc priest mumbles some strange prayers to Beogh against you.
Beogh smites you!
Ouch! That really hurt!
You die...

##. ##. #. #. #o
#. ######)##
##...###h##
##..<..###.#
##.......##.#
#.........#.#
#..........##
#.........########
#..).............#
##[......#######.#
#......##### #.#


You could see an orc priest.

Vanquished Creatures
  5 adders
  2 worms
  3 dart slugs
  3 orcs (D:3)
  2 bats
  2 endoplasms (D:2)
  A giant cockroach (D:3)
  2 goblins
  2 hobgoblins
  8 kobolds
  3 quokkas
  11 ball pythons
  4 frilled lizards
  4 rats (D:1)
52 creatures vanquished.

Notes
Turn   | Place    | Note
-------+----------+-------------------------------------------
     0 | D:1      | LeprechaunX the Octopode Shapeshifter began the quest for
                  | the Orb.
     0 | D:1      | Reached XP level 1. HP: 13/13 MP: 1/1
    51 | D:1      | Reached XP level 2. HP: 18/18 MP: 2/2
   101 | D:1      | Found Niah's Antique Weapon Boutique.
   299 | D:1      | Reached XP level 3. HP: 23/23 MP: 3/3
   959 | D:2      | Found a faded altar of an unknown god.
  1074 | D:2      | Reached XP level 4. HP: 28/28 MP: 4/4
  1112 | D:2      | Found an opulent altar of Gozag.
  1840 | D:3      | Reached skill level 4 in Unarmed Combat
  1840 | D:3      | Killed from afar by an orc priest

Illustrated notes

Levels and vault maps discovered:
D:1:      dpeg_arrival_lava_temple_mockup, layout_basic, serial_shops,
          shop_statue, nicolae_wormholes
D:2:      layout_rooms, shapermc_ecumenical_altar_hornbeckon, basic_altar
D:3:      layout_loops_ring, nzn_wu_jian_council_hall,
          nicolae_overflow_hidden_temple

Skill      XL: |  1  2  3  4 |
---------------+-------------+-----
Unarmed Combat | 4 |  4.0
Fighting       | |  1.8
Dodging        | |  2.5
Shapeshifting  | |  3.7

Action                     |  1- 3 |  4- 6 || total
---------------------------+-------+-------++-------
  Melee: Unarmed           |    48 |    36 ||    84
         Tentacles         |    13 |     4 ||    17
         Constrict         |    16 |     7 ||    23
         Punch             |     1 |       ||     1
   Stab: Sleeping          |     7 |     5 ||    12
 Armour: Skin              |     4 |     4 ||     8
  Dodge: Dodged            |    23 |    20 ||    43

Table legend: (Time is in decaauts)
 A = Elapsed time spent in this place.
 B = Non-inter-level travel time spent in this place.
 C = Inter-level travel time spent in this place.
 D = Time resting spent in this place.
 E = Time spent auto-exploring this place.
 F = Levels seen in this place.
 G = Mean time per level.
                   A        B        C        D        E       F      G
               +--------+--------+--------+--------+--------+-----+--------+
         Total |   1833 |   1787 |     46 |      0 |   1480 |   3 |  611.0 |
       Dungeon |   1833 |   1787 |     46 |      0 |   1480 |   3 |  611.0 |
               +--------+--------+--------+--------+--------+-----+--------+

Top non-repeatable levels by time:
     D:1: 881 daAuts
     D:3: 495 daAuts
     D:2: 456 daAuts
